 Dungeon Crawl Stone Soup version 0.25.1-8-g42b30a86e7 (webtiles) character file.

Game seed: 13513393841137713340

123 Azimut41r the Cutter (level 5, -3/30 HPs)
             Began as a Kobold Warper on Dec 20, 2020.
             Slain by a river rat (8 damage)
             ... on level 2 of the Dungeon.
             The game lasted 00:12:21 (4082 turns).

Azimut41r the Cutter (Kobold Warper)                Turns: 4082, Time: 00:12:22

Health: -3/30      AC:  3    Str:  9    XL:     5   Next: 28%
Magic:  9/9        EV: 15    Int: 14    God:
Gold:   47         SH:  0    Dex: 15    Spells: 10/10 levels left

rFire    . . .     SeeInvis .   a - +0 short sword
rCold    . . .     Gourm    .   (shield restricted)
rNeg     . . .     Faith    .   b - +0 leather armour
rPois    .         Spirit   .   (no helmet)
rElec    .         Reflect  .   (no cloak)
rCorr    .         Harm     .   (no gloves)
MR       .....                  (no boots)
Stlth    ++........             (no amulet)
HPRegen  0.10/turn              (no ring)
MPRegen  0.11/turn              (no ring)

@: no status effects
A: small, carnivore
a: no special abilities


You were on level 2 of the Dungeon.
You were completely stuffed.

You visited 1 branch of the dungeon, and saw 3 of its levels.

You collected 47 gold pieces.

Inventory:

Hand Weapons
 a - a +0 short sword (weapon)
Missiles
 e - 5 boomerangs of dispersal (quivered)
Armour
 b - a +0 leather armour (worn)
Jewellery
 g - a +6 ring of strength {unknown}
Scrolls
 c - 4 scrolls of remove curse
 d - a scroll of blinking
 h - a scroll of immolation {unknown}
 j - 2 scrolls of enchant armour {unknown}
 l - a scroll of magic mapping {unknown}
 m - a scroll of amnesia {unknown}
Potions
 i - 2 potions of flight {unknown}
Comestibles
 f - 2 rations
 k - 2 chunks of flesh


   Skills:
 - Level 2.1 Fighting
 + Level 3.8 Short Blades
 + Level 2.3 Throwing
 - Level 0.7 Armour
 + Level 3.5 Dodging
 + Level 2.6 Stealth
 + Level 3.0 Spellcasting
   Level 3.0 Translocations


You had 10 spell levels left.
You didn't know any spells.
Your spell library contained the following spells:

 Spells                   Type           Power        Failure   Level  Hunger
 Blink                    Tloc           N/A          13%         2    ##.....
 Shroud of Golubria       Chrm/Tloc      #.....       24%         2    ##.....
 Gell's Gravitas          Tloc           ##........   26%         3    ###....
 Lesser Beckoning         Tloc           ##........   26%         3    ###....
 Teleport Other           Tloc           ##......     26%         3    ###....
 Passage of Golubria      Tloc           N/A          63%         4    #####..


Dungeon Overview and Level Annotations

Branches:
Dungeon (3/15)

Altars:
Kikubaaqudgha
Qazlal
Trog
Yredelemnul

Portals:
Sewer: D:3

Annotations:
D:2 2 transporters, Menkaure


Innate Abilities, Weirdness & Mutations

You are small and have problems with some larger weapons.
You are carnivorous and can eat meat at any time.


Message History

You barely miss the river rat.
The river rat is almost dead.
The river rat bites you.
You hit the river rat but do no damage.
The river rat is almost dead.
The river rat bites you.
* * * LOW HITPOINT WARNING * * *
You barely miss the river rat.
The river rat is almost dead.
The river rat bites you.
* * * LOW HITPOINT WARNING * * *
You aren't carrying any items that you can evoke.
Okay, then.
You hit the river rat but do no damage.
The river rat is almost dead.
The river rat completely misses you.
Press: ? - help, v - describe, . - travel A rock wall.
The river rat bites you!
You die...

.###.........#####.# #.#####.
.#
#.#..........##[#######.#####.
##
#.#.#...(..#...............##.
.#
#.#........####.#######.##.##.
.# #.#........####.# #.#.....
.###...............####
#.....#.
.##.##........###>....#
###..#.#
.....#.......####r....# #.#._.
................@.....# #..#.#
.....#...#.######.....# #...#.
.##.######.# #.....# ##.....
.#### ##.############ #......
.# ##.<......##########.#####
.# ##.....###.##......##.# ##
#.......##.##.####.##.# ###
##......##.##.####.##.# ..#
##........##.##......#


You could see a river rat.

Vanquished Creatures
  4 adders (D:2)
  An ooze (D:1)
  3 worms (D:2)
  5 dart slugs
  3 leopard geckos
  An orc (D:2)
  A ball python (D:2)
  4 giant cockroaches
  2 goblins
  5 hobgoblins
  4 jackals (D:1)
  9 kobolds
  2 quokkas
  7 bats
  2 frilled lizards
  7 rats
60 creatures vanquished.

Notes
Turn   | Place    | Note
-------+----------+-------------------------------------------
     0 | D:1      | Azimut41r the Kobold Warper began the quest for the Orb.
     0 | D:1      | Reached XP level 1. HP: 12/12 MP: 3/3
   139 | D:1      | Reached skill level 1 in Stealth
   139 | D:1      | Reached XP level 2. HP: 7/17 MP: 5/5
   519 | D:1      | Reached XP level 3. HP: 13/21 MP: 6/6
  1586 | D:2      | Reached XP level 4. HP: 11/26 MP: 6/8
  2748 | D:2      | Found a faded altar of an unknown god.
  2934 | D:2      | Found an ancient bone altar of Kikubaaqudgha.
  2939 | D:2      | Noticed Menkaure
  2941 | D:2      | Found a basalt altar of Yredelemnul.
  2969 | D:2      | Found a transporter.
  2981 | D:2      | Found a transporter.
  3054 | D:2      | Reached XP level 5. HP: 23/30 MP: 9/9
  3326 | D:2      | Found a bloodstained altar of Trog.
  3532 | D:2      | Found a stormy altar of Qazlal.
  4023 | D:3      | Found a glowing drain.
  4082 | D:2      | Slain by a river rat

Illustrated notes

Levels and vault maps discovered:
D:1:      dpeg_arrival_brainrot, layout_basic, hangedman_decor_diamond_cutter,
          kennysheep_decorative_pillar
D:2:      layout_loops_cross, gammafunk_temple_of_torment,
          lightli_temple_of_fire, grunt_qazlal_sundering,
          chequers_ecumenical_altar_simple_redux
D:3:      layout_loops_corners, portal_sewer_entry_a, hangedman_decor_growths,
          minivault_24, uniq_sigmund, uniq_grinder

Skill      XL: |  1  2  3  4  5 |
---------------+----------------+-----
Stealth        | 1 2 |  2.6
Short Blades   | 3 |  3.8
Dodging        | 3 |  3.5
Throwing       | 2 |  2.3
Spellcasting   | 3 |  3.0
Fighting       | |  2.1
Armour         | |  0.7
Translocations | |  3.0

Action                   |  1- 3 |  4- 6 || total
-------------------------+-------+-------++-------
Melee: Short sword       |   158 |   223 ||   381
  Use: Scroll            |     1 |       ||     1
 Stab: Sleeping          |     2 |     2 ||     4
  Eat: Chunk             |    11 |     8 ||    19
Armor: Leather armour    |    54 |    29 ||    83
Dodge: Dodged            |   165 |   144 ||   309
